 Dungeon Crawl Stone Soup version 0.19.1-1-g22dce08 (webtiles) character file.

660 Inchmeat the Slasher (level 7, 0/45 HPs)
             Began as a High Elf Skald on Jan 12, 2017.
             Was an Initiate of Okawaru.
             Slain by a gnoll
             ... wielding a +0 club
              (4 damage)
             ... on level 4 of the Dungeon.
             The game lasted 00:16:52 (5982 turns).

Inchmeat the Slasher (High Elf Skald)               Turns: 5982, Time: 00:16:54

Health: 0/45       AC:  4    Str:  9 (11) XL:     7   Next: 30%
Magic:  0/12       EV: 10    Int: 16 (17) God:    Okawaru [......]
Gold:   236        SH:  0    Dex: 18 (21) Spells: 5 memorised, 1 level left

rFire  . . .     SeeInvis .     v - +0 long sword
rCold  . . .     Gourm    .     b - +0 leather armour
rNeg   . . .     Faith    .     (no shield)
rPois  .         Spirit   .     n - +0 helmet
rElec  .         Reflect  .     (no cloak)
rCorr  .         Harm     .     (no gloves)
MR     .....                    (no boots)
Stlth  +++.......               (no amulet)
                                (no ring)
                                (no ring)

@: agile, swift, infused, singing, very slightly contaminated, held, quick
A: no striking features
a: Renounce Religion, Stop Singing


You were on level 4 of the Dungeon.
You worshipped Okawaru.
Okawaru was noncommittal.
You were hungry.

You visited 1 branch of the dungeon, and saw 5 of its levels.
You also visited: Sewer.

You collected 236 gold pieces.

Inventory:

Hand Weapons
 a - a +0 falchion
 v - a +0 long sword (weapon)
Armour
 b - a +0 leather armour (worn)
 n - a +0 helmet (worn)
Wands
 r - a wand of slowing (43/48)
Scrolls
 e - a scroll of fog
 i - 3 scrolls of teleportation
 o - 2 scrolls of enchant weapon {unknown}
 p - 2 scrolls of amnesia {unknown}
 q - 3 scrolls of fear {unknown}
 s - 2 scrolls of recharging {unknown}
 u - 2 scrolls of identify
 x - a scroll of remove curse
Potions
 g - 5 potions of curing
 j - a potion of magic {unknown}
 k - 2 potions of heal wounds {unknown}
 l - a potion of mutation {unknown}
 w - a potion of beneficial mutation {unknown}
 z - a potion of resistance {unknown}
Books
 c - a book of Battle

   Spells                             Type                      Level
   a - Infusion                       Charms                       1
   b - Shroud of Golubria             Charms/Translocation         2
   c - Song of Slaying                Charms                       2
   d - Spectral Weapon                Hexes/Charms                 3
   e - Regeneration                   Charms/Necromancy            3
 t - a book of Air

   Spells                             Type                      Level
   a - Shock                          Conjuration/Air              1
   b - Swiftness                      Charms/Air                   2
   c - Repel Missiles                 Charms/Air                   2
   d - Static Discharge               Conjuration/Air              3
   e - Lightning Bolt                 Conjuration/Air              5
Comestibles
 d - 4 bread rations
 f - a chunk of flesh


   Skills:
 - Level 2.0 Fighting
 - Level 6.1 Long Blades
 - Level 0.8 Armour
 - Level 4.1 Dodging
 - Level 3.0 Stealth
 + Level 2.8 Spellcasting
 + Level 5.9 Charms
 + Level 1.0 Translocations


You had one spell level left.
You knew the following spells:

 Your Spells              Type           Power        Failure   Level  Hunger
a - Infusion              Chrm           ###.         2%          1    #......
b - Song of Slaying       Chrm           ###.....     3%          2    ##.....
c - Shroud of Golubria    Chrm/Tloc      ##........   12%         2    ##.....
d - Spectral Weapon       Hex/Chrm       ##......     24%         3    ###....
e - Swiftness             Chrm/Air       ##......     14%         2    ##.....


Dungeon Overview and Level Annotations

Branches:
Dungeon (5/15)             Temple (0/1) D:4

Altars:
Nemelex Xobeh
Okawaru
Uskayaw
Yredelemnul
The Shining One

Annotations:
D:3 Grinder
D:5 Sigmund


Message History

Confirm with . or Enter, or press ? or * to list all spells.
You feel quick. The gnoll hits you but does no damage.
The gnoll hits you from afar with a spear.
* * * LOW HITPOINT WARNING * * *
The gnoll throws a throwing net.
The throwing net hits you.
You become entangled in the net!
You feel better. The gnoll hits you with a club!
* * * LOW HITPOINT WARNING * * *
The gnoll barely misses you.
You feel agile all of a sudden.
The gnoll closely misses you. x2; You riposte.
You hit the gnoll.
The gnoll is heavily wounded.
The gnoll barely misses you.
It was a potion of degeneration.
There was something very wrong with that liquid.
You feel weakened.
You feel dopey.
You feel clumsy.
The gnoll hits you from afar with a spear.
* * * LOW HITPOINT WARNING * * *
The gnoll hits you with a club.
You die...

...........##)#...♣♣P♣.♣.........
.###.......##'###♣♣♣♣.P♣.........
..##.........>...♣♣P..♣♣.........
#.##..........(.....PP♣♣....#....
#.##.............♣♣.♣♣♣.....#...#
#.##......#......#...............
#.##......#...g.g#....##.........
#..#....###....gg#....####.......
##.####.###.....@#....####.......
##.####..##......................
#.....##.##......................
#.....##.##......................
#................................
##...................##......##+.
#..................###......##+.
#............#.....+++......#...
###..........#.............##...


You could see 4 gnolls.

Vanquished Creatures
  An ice beast (D:4)
  2 big kobolds (Sewer)
  A howler monkey (D:4)
  A crimson imp (D:4)
  A hound (D:4)
  A centaur skeleton (D:4)
  A gnoll shaman (D:4)
  3 worker ants (D:4)
  Natasha (D:3)
  Robin (D:3)
  3 adders
  2 oozes
  An adder skeleton (D:4)
  A worm (D:2)
  2 dart slugs
  2 leopard geckos
  5 orcs
  4 ball pythons
  10 bats
  7 giant cockroaches
  15 goblins
  10 hobgoblins
  4 jackals (D:2)
  2 quokkas
  7 frilled lizards
  21 kobolds
  13 rats
  A plant (D:4)
123 creatures vanquished.

Notes
Turn   | Place    | Note
-------+----------+-------------------------------------------
     0 | D:1      | Inchmeat the High Elf Skald began the quest for the Orb.
     0 | D:1      | Reached XP level 1. HP: 14/14 MP: 4/4
   213 | D:1      | Reached XP level 2. HP: 7/19 MP: 6/6
   599 | D:1      | Found a sparkling altar of Nemelex Xobeh.
   985 | D:1      | Reached XP level 3. HP: 24/24 MP: 7/7
  1332 | D:2      | Reached skill level 1 in Stealth
  1763 | D:2      | HP: 1/24 [worm (7)]
  1810 | D:2      | HP: 1/24 [dart slug/slug dart (4)]
  2158 | D:2      | Reached XP level 4. HP: 14/29 MP: 8/8
  2535 | D:2      | Found a basalt altar of Yredelemnul.
  2535 | D:2      | Found a hide-covered altar of Uskayaw.
  2536 | D:2      | Found a glowing golden altar of the Shining One.
  2786 | D:3      | Found a glowing drain.
  2790 | Sewer    | Entered a sewer
  2852 | Sewer    | Learned a level 2 spell: Song of Slaying
  2855 | Sewer    | Learned a level 2 spell: Shroud of Golubria
  3209 | Sewer    | Noticed a big kobold
  3233 | Sewer    | Killed a big kobold
  3233 | Sewer    | Reached skill level 4 in Long Blades
  3233 | Sewer    | Reached XP level 5. HP: 14/34 MP: 9/9
  3412 | Sewer    | Learned a level 3 spell: Spectral Weapon
  3472 | Sewer    | Reached skill level 5 in Long Blades
  3722 | D:3      | Reached XP level 6. HP: 36/39 MP: 10/10
  3758 | D:3      | Noticed Robin
  3794 | D:3      | Killed Robin
  4112 | D:3      | Found a faded altar of an unknown god.
  4112 | D:3      | Found a faded altar of an unknown god.
  4118 | D:3      | Found a faded altar of an unknown god.
  4120 | D:3      | Found a faded altar of an unknown god.
  4121 | D:3      | Found an iron altar of Okawaru.
  4125 | D:3      | Became a worshipper of Warmaster Okawaru
  4307 | D:3      | Noticed Natasha
  4317 | D:3      | Killed Natasha
  4500 | D:3      | Noticed Grinder
  4501 | D:3      | Paralysed by Grinder for 4 turns
  4711 | D:4      | Reached skill level 6 in Long Blades
  4953 | D:4      | Found a staircase to the Ecumenical Temple.
  5694 | D:5      | Entered Level 5 of the Dungeon
  5694 | D:5      | Noticed an ice beast
  5707 | D:4      | Killed an ice beast
  5707 | D:4      | Reached skill level 5 in Charms
  5707 | D:4      | Reached XP level 7. HP: 27/45 MP: 11/11
  5711 | D:4      | Learned a level 2 spell: Swiftness
  5715 | D:5      | Noticed Sigmund
  5970 | D:4      | Reached skill level 1 in Translocations
  5982 | D:4      | Slain by a gnoll

Skill      XL: |  1  2  3  4  5  6  7 |
---------------+----------------------+-----
Dodging        | 2 3 4 |  4.1
Stealth        | 1 2 3 |  3.0
Long Blades    | 4 5 6 |  6.1
Charms         | 5 |  5.9
Translocations | 1 |  1.0
Fighting       | |  2.0
Armour         | |  0.8
Spellcasting   | |  2.8

Action                   |  1- 3 |  4- 6 |  7- 9 || total
-------------------------+-------+-------+-------++-------
Melee: Falchion          |   124 |   266 |       ||   390
       Long sword        |       |    34 |    29 ||    63
 Cast: Infusion          |     4 |     6 |     1 ||    11
       Song of Slaying   |       |     2 |     1 ||     3
       Shroud of Golubri |       |       |     3 ||     3
       Swiftness         |       |       |     1 ||     1
  Use: Potion            |     1 |     6 |     3 ||    10
       Scroll            |       |     5 |       ||     5
 Stab: Sleeping          |     3 |     2 |       ||     5
       Distracted        |     1 |       |       ||     1
  Eat: Chunk             |     4 |     9 |     2 ||    15
       Royal jelly       |       |     1 |       ||     1
Armor: Leather armour    |    40 |    60 |     7 ||   107
Dodge: Dodged            |    89 |   255 |    42 ||   386
       Rpst.: Falchion   |    26 |    56 |       ||    82
       Long sword        |       |    12 |    12 ||    24
